 Dungeon Crawl Stone Soup version 0.30-a0-643-g638baaf3f0 (webtiles) character file.

Game seed: 15339888403432594793

301462 Oxelix the Executioner (level 20, -4/171 (193) HPs)
             Began as a Minotaur Berserker on Jan 16, 2023.
             Was a High Priest of Trog.
             Slain by an Executioner (17 damage)
             ... summoned by a deep elf demonologist
             ... on level 3 of the Elven Halls.
             The game lasted 01:46:09 (45673 turns).

Oxelix the Executioner (Minotaur Berserker)        Turns: 45673, Time: 01:46:09

HP:   -4/171 (193)  AC: 30    Str: 27    XL:     20   Next: 19%
MP:   19/19         EV: 18    Int:  4    God:    Trog [*****.]
Gold: 2201          SH:  5    Dex: 17    Spells: 19/19 levels left

rFire   + . .      SeeInvis .    C - +8 frozen axe "Frostbite" {freeze, freezing cloud, *Noise Fly rC+}
rCold   . . .      Faith    .    (shield currently unavailable)
rNeg    . . .      Spirit   .    F - +1 shadow dragon scales
rPois   +          Reflect  +    (helmet restricted)
rElec   +          Harm     .    f - +1 cloak of Absence {Dex+3}
rCorr   +          Rampage  .    e - +1 pair of gloves of the Dungeon {rPois Slay+3}
Will    ++...                    o - +2 pair of boots
Stlth   +++                      A - amulet of reflection
HPRegen 0.48/turn                h - ring of willpower
MPRegen 0.16/turn                T - ring "Zuzxib" {Fire Contam rElec rPois rCorr}

@: flying, studying 2 skills, heavily drained
A: horns 2, retaliatory headbutt
}: 2/15 runes: serpentine, barnacled
a: Renounce Religion, Berserk, Trog's Hand, Brothers in Arms


You were on level 3 of the Elven Halls.
You worshipped Trog.
Trog was extremely pleased with you.
You visited 8 branches of the dungeon, and saw 35 of its levels.
You visited 1 bazaar.
You also visited: Ossuary.

You collected 4554 gold pieces.
You spent 2353 gold pieces at shops.

Inventory:

Hand Weapons
 d - the +7 battleaxe of the Land of Plenty {flame, Will+ Dex+4}
   (Trog gifted it to you on level 2 of the Orcish Mines)

   Dex:       It affects your dexterity (+4).
   Will:      It increases your willpower.
 r - a +3 war axe of flaming
 C - the +8 frozen axe "Frostbite" (weapon) {freeze, freezing cloud, *Noise Fly rC+}
   (You acquired it on level 4 of the Snake Pit)

   rC:        It protects you from cold.
   Fly:       It grants you flight.
   *Noise:    It may make noises in combat.
Missiles
 q - 10 javelins
 Q - 32 boomerangs (quivered)
 Y - a throwing net
Armour
 e - the +1 pair of gloves of the Dungeon (worn) {rPois Slay+3}
   (You acquired it on level 6 of the Dungeon)

   Slay:      It affects your accuracy & damage with ranged weapons and melee
   (+3).
   rPois:     It protects you from poison.
 f - the +1 cloak of Absence (worn) {Dex+3}
   (You acquired it on level 1 of the Lair of Beasts)

   Dex:       It affects your dexterity (+3).
 o - a +2 pair of boots (worn)
 F - +1 shadow dragon scales (worn)
 M - the +2 ring mail of the Catamount {Drain rF+ Will+++ MP+9}
   (You found it on level 5 of the Lair of Beasts)

   rF:        It protects you from fire.
   MP:        It affects your magic capacity (+9).
   Drain:     It drains your maximum health when unequipped.
   Will:      It greatly increases your willpower.
Jewellery
 a - a ring of see invisible
 h - a ring of willpower (left hand)
 j - a +6 ring of strength
 l - a ring of fire
 A - an amulet of reflection (around neck)
 L - an amulet of the acrobat
 R - a ring of resist corrosion
 S - a ring of protection from cold
 T - the ring "Zuzxib" (right hand) {Fire Contam rElec rPois rCorr}
   (You found it on level 3 of the Shoals)

   [ring of fire]

   It enhances your fire magic.
   rF:        It protects you from fire.
   rC:        It makes you vulnerable to cold.
   rElec:     It insulates you from electricity.
   rPois:     It protects you from poison.
   Contam:    It causes magical contamination when unequipped.
   rCorr:     It protects you from acid and corrosion.
 V - a ring of positive energy
 Z - the ring "Killowum" {rF+ Dex+3}
   (You found it on level 3 of the Snake Pit)

   [ring of protection from fire]

   Dex:       It affects your dexterity (+3).
   rF:        It protects you from fire.
Wands
 w - a wand of polymorph (18)
 G - a wand of iceblast (13)
 H - a wand of digging (13)
 I - a wand of paralysis (38)
 K - a wand of mindburst (40)
 O - a wand of flame (8)
 P - a wand of acid (10)
Scrolls
 b - 9 scrolls of fear
 n - 4 scrolls of silence
 p - 2 scrolls of fog
 s - 2 scrolls of enchant armour
 t - 6 scrolls of poison
 u - 3 scrolls of torment
 v - 13 scrolls of teleportation
 y - 3 scrolls of brand weapon
 B - 5 scrolls of magic mapping
 J - a scroll of blinking
 U - 3 scrolls of enchant weapon
 X - 4 scrolls of summoning
Potions
 c - 13 potions of curing
 i - 3 potions of heal wounds
 k - 4 potions of cancellation
 m - 5 potions of haste
 z - 6 potions of lignification
 D - 10 potions of might
 E - a potion of ambrosia
 W - 4 potions of resistance
Miscellaneous
 g - a phial of floods
 x - a condenser vane (inert)
 N - a lightning rod (2/4)


   Skills:
 - Level 20.0 Fighting
 - Level 21.0 Axes
 * Level 15.1 Throwing
 - Level 18.0 Armour
 + Level 17.8 Dodging
 - Level 11.5 Evocations


You had 19 spell levels left.
You didn't know any spells.
Your spell library was empty.

Dungeon Overview and Level Annotations

Branches:
Dungeon (15/15)            Temple (1/1) D:7            Lair (5/5) D:9
 Shoals (4/4) Lair:2        Snake (4/4) Lair:2        Slime (0/5) Lair:5
    Orc (2/2) D:10            Elf (3/3) Orc:2        Vaults (0/5) D:14
 Depths (1/4) D:15        Ossuary (visited)

Altars:
Ashenzari
Cheibriados
Dithmenos
Elyvilon
Fedhas
Gozag
Hepliaklqana
Kikubaaqudgha
Makhleb
Nemelex Xobeh
Okawaru
Qazlal
Ru
Sif Muna
Trog
Uskayaw
Vehumet
Wu Jian
Xom
Yredelemnul
Zin
The Shining One
Lugonu

Shops:
D:6 :   D:10 !   Orc:2 :*[*   Elf:1 *:   Snake:1 (   Snake:3 [

Portals:
Abyss: Lair:5
Pandemonium: Orc:2


Innate Abilities, Weirdness & Mutations

You have a pair of horns on your head.
You reflexively headbutt those who attack you in melee.


Message History

You closely miss the ghostly deep elf death mage.
You closely miss the rust devil.
The ghostly deep elf elementalist barely misses you.
The deep elf demonologist gestures wildly while chanting.
The ghostly deep elf demonologist mumbles some strange words.
The ghostly deep elf death mage hits you with a +0 short sword.
* * * LOW HITPOINT WARNING * * *
The chaos spawn is engulfed in poison gas.
The chaos spawn looks even sicker.
The Executioner barely misses you. You furiously retaliate!
You headbutt the Executioner!
The Executioner hits you but does no damage. x2
The ghostly deep elf elementalist hits you with a +0 long sword!
* * * LOW HITPOINT WARNING * * *
You hear a shout! x2
Okay, then.
Blink to where?
Press: ? - help, Dir - move target, p - rust devil
As you read the scroll of blinking, it crumbles to dust.
The Executioner is engulfed in freezing vapours. x2
Throw: 32 boomerangs
Press: ? - help, Q - select action, (/) - cycle Shift-Dir - straight line, f - lost soul
Aim: a lost soul (moderately damaged, summoned, 76% to hit)
You throw a boomerang.
The boomerang barely misses the lost soul.
The earth elemental disappears in a puff of smoke!
The Executioner hits you!
* * * LOW HITPOINT WARNING * * *
The Executioner hits you.
* * * LOW HITPOINT WARNING * * *
The Executioner hits you but does no damage.
The Executioner misses you. The Executioner completely misses you.
The Executioner closely misses you.
You slash the Executioner!
You headbutt the Executioner, but do no damage.
The Executioner is moderately wounded.
The Executioner hits you!
* * * LOW HITPOINT WARNING * * *
The Executioner hits you but does no damage.
The Executioner closely misses you. The Executioner hits you!
You die...

#########.##
#.....###.## #
##.....##...###
##########.......#.#.##.
#.......##........###...
#.#####.##.........#....
#.##.......))...#....##.
#.##.##.###.....#.##.##.
#.##.##@# #######.##.##.
#......1####### #.##^##.
#####.##..)....#
#.##.##.
#.....##*......#
#.......
#.######.......#
####.### #.# ##§§...#.#
#....... ### #§1§######
######## #§#. #°#.


You could see 2 Executioners and a lost soul (summoned).

Vanquished Creatures
  A lich (Depths:1)
  A deep elf blademaster (Elf:3)
  2 deep elf master archers (Elf:3)
  A storm dragon (Shoals:4)
  Roxanne (Elf:1)
  4 deep elf sorcerers (Elf:3)
  5 nagarajas
  2 deep elf elementalists (Elf:3)
  An ironbound preserver (D:14)
  A stone giant (Depths:1)
  3 deep elf demonologists
  2 dire elephants (Snake:2)
  3 deep elf annihilators (Elf:3)
  3 deep elf death magi
  5 merfolk javelineers
  5 merfolk impalers (Shoals:4)
  Josephine (D:15)
  2 jiangshi (Depths:1)
  An entropy weaver (shapeshifter) (D:14)
  2 salamander tyrants
  A deep elf high priest (Elf:1)
  The ghost of Gelon the Zephyrmancer, a journeyman TeAE of Vehumet (Lair:3)
  The ghost of anet the Geomancer, a journeyman GrCj of Sif Muna (Lair:5)
  7 hydras
  3 merfolk avatars
  3 catoblepae
  7 centaur warriors
  Erica (Orc:1)
  6 two-headed ogres
  6 merfolk aquamancers
  5 boulder beetles
  The ghost of Dotran the Convoker, a journeyman TeSu of Gozag (Shoals:3)
  12 anacondas
  4 alligator snapping turtles
  3 demonspawn (Orc:2)
  3 satyrs
  28 dancing weapons
  21 naga warriors
  3 tengu warriors
  A vampire mage (Depths:1)
  8 shock serpents
  17 naga sharpshooters
  20 deep elf knights
  7 orc high priests
  A soul eater (Orc:2)
  2 thrashing horrors (Lair:5)
  Sonja (Lair:4)
  A salamander mystic (Snake:2)
  The ghost of mn3067 the Basher, a novice GrGl of Okawaru (D:10)
  A sixfirhy (Orc:2)
  7 sea snakes
  5 naga ritualists
  14 deep elf archers
  A wizard (D:14)
  9 harpies
  5 orc knights (Orc:2)
  11 ugly things
  27 deep elf pyromancers
  11 mana vipers
  8 orc sorcerers
  27 deep elf zephyrmancers
  10 merfolk sirens
  8 elephants
  20 salamanders
  7 cyclopes
  12 fauns
  18 manticores
  A rust devil (Orc:2)
  27 naga magi
  4 guardian serpents
  29 black mambas
  7 water nymphs
  An eye of devastation (shapeshifter) (Lair:5)
  2 smoke demons (Lair:5)
  A gargoyle (D:14)
  Maggie (D:6)
  12 cane toads
  2 efreet
  4 kobold demonologists
  A rime drake (Lair:2)
  2 freezing wraiths
  6 komodo dragons
  A red devil (Orc:2)
  3 ancient zymes (Lair:5)
  A troll (shapeshifter) (D:15)
  6 meliai
  A meliai (shapeshifter) (Lair:5)
  15 merfolk
  A hornet (D:10)
  5 polar bears
  6 trolls
  A polar bear (shapeshifter) (D:14)
  20 blink frogs
  7 wind drakes
  A raiju (Snake:2)
  9 dream sheep
  5 snapping turtles
  A large abomination (Lair:5)
  8 small abominations (Lair:5)
  A spriggan (shapeshifter) (D:9)
  19 slime creatures
  3 shadows
  7 air elementals
  A spriggan (Lair:5)
  A vampire (D:14)
  30 yaks
  A ynoxinul (Lair:5)
  23 water elementals
  4 wyverns
  5 wraiths
  2 fire elementals (Elf:2)
  3 steam dragons
  7 basilisks
  11 wargs
  2 acid dragons
  42 nagas
  19 water moccasins
  A floating eye (shapeshifter) (D:15)
  31 orc warriors
  2 black bears
  4 ogres
  2 sky beasts
  27 wolves
  A boggart (D:14)
  5 centaurs
  A phantom (D:6)
  3 kobold brigands
  2 earth elementals (Elf:1)
  2 gnoll sergeants (D:9)
  2 necrophages
  14 bullfrogs
  3 scorpions
  5 wights (D:6)
  7 killer bees
  2 electric eels (Lair:3)
  3 howler monkeys (D:9)
  A lava snake (Lair:5)
  2 hounds
  16 jellies
  20 orc priests
  2 gnoll boudas
  Jessica (D:3)
  4 iguanas (D:6)
  21 orc wizards
  A mummy (Ossuary)
  6 gnolls
  6 adders
  12 white imps (Lair:4)
  2 worms
  5 dart slugs
  72 orcs
  A spectral bat (Ossuary)
  5 endoplasms
  12 gnoll zombies (Ossuary)
  7 goblins
  2 hobgoblins
  20 kobolds
  5 quokkas
  6 ball pythons
  6 bats
  2 bat simulacra (Ossuary)
  6 frilled lizards
  A goblin simulacrum (Ossuary)
  5 goblin zombies
  7 hobgoblin zombies (Ossuary)
  4 kobold simulacra (Ossuary)
  6 kobold zombies (Ossuary)
  An orc zombie (Ossuary)
  11 rats
  3 rat simulacra (Ossuary)
  A rat zombie (D:4)
  3 spectral goblins (Ossuary)
  3 spectral kobolds (Ossuary)
  A spectral rat (Ossuary)
1200 creatures vanquished.

Vanquished Creatures (collateral kills)
  A nagaraja (Snake:4)
  The ghost of Hemirghao the Imperceptible, an adept SpEn of Zin (Shoals:3)
  A salamander tyrant (Snake:4)
  The ghost of Cilot the Convoker, a journeyman TeSu of Gozag (Shoals:3)
  2 naga warriors (Snake:4)
  6 naga sharpshooters (Snake:4)
  A salamander mystic (Snake:4)
  3 naga ritualists (Snake:4)
  A naga mage (Snake:4)
  A water nymph (Shoals:4)
  2 wind drakes (Shoals:4)
  An air elemental (Shoals:4)
  2 water elementals (Shoals:4)
  2 nagas (Snake:4)
25 creatures vanquished.

Vanquished Creatures (others)
  A deep elf knight (Elf:2)
  A fire elemental (Elf:1)
  A water elemental (Elf:1)
  A chaos spawn (Lair:5)
  2 orc priests (Orc:2)
  25 fungi
  65 plants
  5 withered plants
101 creatures vanquished.

Grand Total: 1326 creatures vanquished

Notes
Turn   | Place    | Note
-------+----------+-------------------------------------------
     0 | D:1      | Oxelix the Minotaur Berserker began the quest for the Orb.
     0 | D:1      | Reached XP level 1. HP: 19/19 MP: 0/0
   266 | D:1      | Reached skill level 4 in Axes
   282 | D:1      | Reached XP level 2. HP: 16/27 MP: 1/1
   863 | D:2      | Reached XP level 3. HP: 33/33 MP: 2/2
   989 | D:2      | Reached ** piety under Trog
  1125 | D:2      | Reached skill level 5 in Axes
  1278 | D:2      | Identified the +4 whip of Lymihed {drain, rElec rPois rF-
                  | MP+9}
  1763 | D:3      | Reached XP level 4. HP: 37/41 MP: 3/3
  1816 | D:3      | Noticed Jessica
  1823 | D:3      | Killed Jessica
  1824 | D:3      | Reached skill level 6 in Axes
  1824 | D:3      | Reached XP level 5. HP: 32/47 MP: 4/4
  1855 | D:3      | Reached skill level 5 in Fighting
  1883 | D:3      | Identified the +1 short sword of Vugonun {spect, rC+ rN+
                  | Str+3}
  2052 | D:3      | Found a blossoming altar of Fedhas.
  2278 | D:4      | Found a sand-covered staircase.
  2297 | Ossuary  | Entered an ossuary
  2308 | Ossuary  | Reached *** piety under Trog
  2735 | Ossuary  | Reached **** piety under Trog
  2850 | D:4      | Reached skill level 7 in Axes
  3037 | D:4      | Reached XP level 6. HP: 56/56 MP: 5/5
  3816 | D:5      | Entered Level 5 of the Dungeon
  4025 | D:5      | Reached skill level 8 in Axes
  4186 | D:5      | Found an opulent altar of Gozag.
  4240 | D:5      | Reached XP level 7. HP: 34/63 MP: 6/6
  4688 | D:6      | Noticed Maggie
  4706 | D:6      | Killed Maggie
  4707 | D:6      | Reached skill level 9 in Axes
  4829 | D:6      | Reached skill level 10 in Axes
  4829 | D:6      | Reached XP level 8. HP: 38/73 MP: 7/7
  5014 | D:6      | Found Jiqe's Vocational Training.
  5203 | D:6      | Reached skill level 11 in Axes
  5530 | D:6      | Identified 2 scrolls of acquirement
  5655 | D:6      | Acquired 1147 gold pieces
  5657 | D:6      | Acquired the +1 pair of gloves of the Dungeon {rPois
                  | Slay+3}
  5775 | D:7      | Found a large runed translucent door.
  5776 | D:7      | Found a large runed translucent door.
  5844 | D:7      | Reached skill level 12 in Axes
  5844 | D:7      | Reached XP level 9. HP: 83/83 MP: 8/8
  5907 | D:7      | Found a shimmering blue altar of Sif Muna.
  5919 | D:7      | Found a white marble altar of Elyvilon.
  6018 | D:7      | Found a staircase to the Ecumenical Temple.
  6131 | Temple   | Entered the Ecumenical Temple
  6377 | D:7      | Found a shadowy altar of Dithmenos.
  6645 | D:7      | Reached ***** piety under Trog
  6731 | D:7      | Found an ornate altar of the Wu Jian Council.
  6736 | D:7      | Found a hazy altar of Hepliaklqana.
  6845 | D:8      | Reached skill level 13 in Axes
  6916 | D:8      | Found a flagged portal.
  7149 | D:8      | Reached skill level 10 in Fighting
  7254 | D:8      | Received a gift from Trog
  7298 | D:8      | Reached skill level 14 in Axes
  7747 | D:9      | Found a staircase to the Lair.
  7867 | D:9      | Reached XP level 10. HP: 94/94 MP: 9/9
  8216 | D:9      | Found a sparkling altar of Nemelex Xobeh.
  8693 | D:9      | Noticed a boulder beetle
  8710 | D:9      | Killed a boulder beetle
  8711 | D:9      | Reached skill level 15 in Axes
  8800 | D:9      | Identified the +5 shortbow of Karma {speed, rCorr MP+9
                  | Int-5 Dex+3}
  9198 | D:9      | Noticed a deep elf pyromancer
  9208 | D:9      | Killed a deep elf pyromancer
  9307 | D:10     | Entered Level 10 of the Dungeon
  9325 | D:10     | Reached skill level 16 in Axes
  9373 | D:10     | Found a snail-covered altar of Cheibriados.
  9461 | D:10     | Noticed a two-headed ogre
  9467 | D:10     | Killed a two-headed ogre
  9468 | D:10     | Reached XP level 11. HP: 67/107 MP: 10/10
  9684 | D:10     | Found a runed translucent gate.
  9685 | D:10     | Found a runed translucent gate.
  9685 | D:10     | Found a runed translucent gate.
  9688 | D:10     | Noticed mn3067's ghost (novice GrGl)
  9734 | D:10     | Noticed a two-headed ogre
  9738 | D:10     | Killed a two-headed ogre
  9858 | D:10     | Found a sacrificial altar of Ru.
  9858 | D:10     | Found a broken altar of Ashenzari.
 10046 | D:10     | Found Kovas's Distillery.
 10054 | D:10     | Bought a potion of resistance for 160 gold pieces
 10054 | D:10     | Bought a potion of haste for 160 gold pieces
 10082 | D:10     | Found a staircase to the Orcish Mines.
 10286 | D:10     | Killed mn3067's ghost
 10415 | Lair:1   | Entered Level 1 of the Lair of Beasts
 10421 | Lair:1   | Reached skill level 5 in Armour
 10870 | Lair:1   | Reached skill level 5 in Dodging
 11035 | Lair:1   | Acquired the +1 cloak of Absence {Dex+3}
 11136 | Lair:1   | Noticed a catoblepas
 11148 | Lair:1   | Killed a catoblepas
 11148 | Lair:1   | Received a gift from Trog
 11421 | Lair:1   | Reached XP level 12. HP: 111/117 MP: 11/11
 11634 | Lair:1   | Noticed a six-headed hydra
 11639 | Lair:1   | Killed a three-headed hydra
 11935 | Lair:2   | Reached skill level 10 in Armour
 12131 | Lair:2   | Found a staircase to the Shoals.
 12379 | Lair:2   | Noticed a four-headed hydra
 12385 | Lair:2   | Killed a one-headed hydra
 12464 | Lair:2   | Found a staircase to the Snake Pit.
 12736 | Lair:2   | Reached skill level 15 in Fighting
 13013 | Lair:3   | Found a runed translucent door.
 13017 | Lair:3   | Noticed Gelon's ghost (journeyman TeAE)
 13665 | Lair:3   | Noticed a boulder beetle
 13686 | Lair:3   | Killed a boulder beetle
 13778 | Lair:3   | Reached XP level 13. HP: 104/127 MP: 12/12
 14121 | Lair:3   | Killed Gelon's ghost
 14276 | Lair:4   | Noticed Sonja
 14280 | Lair:4   | Killed Sonja
 14398 | Lair:4   | Received a gift from Trog
 14890 | Lair:4   | Found a frozen archway.
 15280 | Lair:5   | Entered Level 5 of the Lair of Beasts
 15324 | Lair:5   | Found a runed translucent door.
 15326 | Lair:5   | Identified the +2 ring mail of the Catamount {Drain rF+
                  | Will+++ MP+9}
 15439 | Lair:5   | Noticed anet's ghost (journeyman GrCj)
 15455 | Lair:5   | Killed anet's ghost
 15603 | Lair:5   | Found a staircase to the Slime Pits.
 15768 | Lair:5   | Received a gift from Trog
 16186 | D:6      | Bought a manual of Evocations for 1120 gold pieces
 16620 | Lair:5   | Reached skill level 1 in Evocations
 17572 | Lair:5   | Reached skill level 17 in Axes
 17572 | Lair:5   | Reached XP level 14. HP: 77/137 MP: 13/13
 17959 | Lair:5   | Reached skill level 5 in Evocations
 17961 | Lair:5   | Found a corrupted altar of Lugonu.
 17961 | Lair:5   | Found a one-way gate to the infinite horrors of the Abyss.
 18542 | D:10     | Bought a potion of ambrosia for 128 gold pieces
 18555 | Orc:1    | Entered Level 1 of the Orcish Mines
 18622 | Orc:1    | Noticed Erica
 18640 | Orc:1    | Killed Erica
 18697 | Orc:1    | Reached skill level 10 in Dodging
 18772 | Orc:1    | Received a gift from Trog
 19210 | Orc:2    | Entered Level 2 of the Orcish Mines
 19435 | Orc:2    | Reached ****** piety under Trog
 19486 | Orc:2    | Identified the +7 battleaxe of the Land of Plenty {flame,
                  | Will+ Dex+4} (Trog gifted it to you on level 2 of the
                  | Orcish Mines)
 19486 | Orc:2    | Received a gift from Trog
 19903 | Orc:2    | Found a staircase to the Elven Halls.
 19992 | Orc:2    | Found Jepecoan's General Store.
 19996 | Orc:2    | Found Uxickiopp's General Store.
 20558 | Orc:2    | Reached skill level 1 in Throwing
 20716 | Orc:2    | Reached skill level 18 in Axes
 20736 | Orc:2    | Found Jysm's Antique Armour Emporium.
 20736 | Orc:2    | Found Ylifekk's Book Shoppe.
 20737 | Orc:2    | Found a one-way gate leading to the halls of Pandemonium.
 21863 | D:11     | Identified the +3 leather armour "Ramuoc" {rElec}
 22909 | D:13     | Reached XP level 15. HP: 109/138 MP: 14/14
 23086 | D:13     | Identified the +9 quarterstaff "Eguquoh" {spect, Str+2
                  | Int-3 Dex+3}
 23316 | D:13     | Identified the +8 flail "Ripiam" {holy, +Blink rElec rF+++
                  | Dex-2}
 24137 | D:14     | Reached skill level 19 in Axes
 24367 | D:14     | Found a gate to the Vaults.
 24744 | D:15     | Entered Level 15 of the Dungeon
 24756 | D:15     | Noticed Josephine
 24766 | D:15     | Reached skill level 10 in Evocations
 24768 | D:15     | Killed Josephine
 25084 | D:15     | Reached skill level 5 in Throwing
 25275 | D:15     | Reached XP level 16. HP: 157/157 MP: 15/15
 25517 | D:15     | Reached skill level 20 in Axes
 25526 | D:15     | Found a staircase to the Depths.
 25679 | Depths:1 | Entered Level 1 of the Depths
 25689 | Depths:1 | Found a broken altar of Ashenzari.
 25689 | Depths:1 | Noticed a lich
 25698 | Depths:1 | Killed a lich
 26357 | Snake:1  | Entered Level 1 of the Snake Pit
 26454 | Snake:1  | Found Suintaod's Weapon Shoppe.
 26462 | Snake:1  | Found a stormy altar of Qazlal.
 26487 | Snake:1  | Received a gift from Trog
 27575 | Snake:1  | Reached XP level 17. HP: 118/166 MP: 16/16
 29243 | Snake:2  | HP: 1/166 [salamander/+1 glaive (15)]
 30402 | Snake:3  | Reached skill level 15 in Dodging
 30493 | Snake:3  | Identified the +1 scimitar "Ydaa" {freeze, Contam rC+++
                  | rN++}
 30515 | Snake:3  | Found Pannuxes's Antique Armour Shop.
 30640 | Snake:3  | Found a transporter.
 30640 | Snake:3  | Found a transporter.
 30682 | Snake:3  | Reached skill level 15 in Armour
 30874 | Snake:3  | Received a gift from Trog
 31583 | Snake:3  | Identified the ring "Killowum" {rF+ Dex+3}
 31639 | Snake:4  | Entered Level 4 of the Snake Pit
 32366 | Snake:4  | Reached XP level 18. HP: 169/176 MP: 17/17
 32445 | Snake:4  | Received a gift from Trog
 32808 | Snake:4  | Acquired the +8 frozen axe "Frostbite" {freeze, freezing
                  | cloud, *Noise Fly rC+}
 32808 | Snake:4  | Found the +8 frozen axe "Frostbite" {freeze, freezing
                  | cloud, *Noise Fly rC+}
 32932 | Snake:4  | Got a serpentine rune of Zot
 33695 | Shoals:1 | Entered Level 1 of the Shoals
 34532 | Shoals:2 | Received a gift from Trog
 34543 | Shoals:2 | Found a flickering gateway to a bazaar.
 34563 | Bazaar   | Entered a bazaar
 34563 | Bazaar   | Found Xifuxt's Book Shoppe.
 34563 | Bazaar   | Found Hezeopt's Jewellery Emporium.
 34564 | Bazaar   | Found Ewyci's Assorted Antiques.
 34564 | Bazaar   | Found Oddiafi's Distillery.
 34699 | Bazaar   | Bought a potion of resistance for 90 gold pieces
 34699 | Bazaar   | Bought a potion of might for 36 gold pieces
 34699 | Bazaar   | Bought a potion of curing for 27 gold pieces
 34699 | Bazaar   | Bought a potion of curing for 27 gold pieces
 34713 | Bazaar   | Bought a scroll of fear for 136 gold pieces
 34713 | Bazaar   | Bought a potion of lignification for 102 gold pieces
 34723 | Bazaar   | Bought a ring of protection from cold for 225 gold pieces
 34993 | Shoals:2 | Identified the +3 hand axe of Haxy {heavy, *Noise rC+ Str+2
                  | Int+6}
 36958 | Shoals:3 | Received a gift from Trog
 36959 | Shoals:3 | Reached skill level 21 in Axes
 37123 | Shoals:3 | Found a runed translucent gate.
 37124 | Shoals:3 | Found a runed translucent gate.
 37125 | Shoals:3 | Found a runed translucent gate.
 37125 | Shoals:3 | Noticed Hemirghao's ghost (adept SpEn)
 37126 | Shoals:3 | Noticed Cilot's ghost (journeyman TeSu)
 37126 | Shoals:3 | Noticed Dotran's ghost (journeyman TeSu)
 37218 | Shoals:3 | Killed Hemirghao's ghost
 37222 | Shoals:3 | Killed Cilot's ghost
 37224 | Shoals:3 | Killed Dotran's ghost
 37239 | Shoals:3 | Identified the ring "Zuzxib" {Fire Contam rElec rPois
                  | rCorr}
 37269 | Shoals:4 | Entered Level 4 of the Shoals
 37657 | Shoals:4 | Reached skill level 10 in Throwing
 37664 | Shoals:4 | Reached XP level 19. HP: 28/185 MP: 18/18
 38477 | Shoals:4 | Received a gift from Trog
 38576 | Shoals:4 | Paralysed by an air elemental for 1 turns
 38850 | Shoals:4 | Identified the amulet "Yduattuu" {RegenMP Harm rC+ Will+
                  | Str-2}
 38910 | Shoals:4 | Identified the ring of the Barnacle {Wiz Str+4}
 38917 | Shoals:4 | Identified the +5 falchion of Cowardice {flame, Str-3
                  | Int+6}
 38928 | Shoals:4 | Got a barnacled rune of Zot
 39318 | Elf:1    | Entered Level 1 of the Elven Halls
 39584 | Elf:1    | Found Oczuxkol's General Store.
 39588 | Elf:1    | Bought a scroll of summoning for 142 gold pieces
 39667 | Elf:1    | Found Uphudopha's Tremendous Tomes.
 39975 | Elf:1    | Received a gift from Trog
 40481 | Elf:1    | Identified Roxanne's Lessons on the Boulder
 40481 | Elf:1    | Noticed Roxanne
 40498 | Elf:1    | Killed Roxanne
 41456 | Elf:2    | Paralysed by an air elemental for 1 turns
 41883 | Elf:2    | Paralysed by an air elemental for 1 turns
 41952 | Elf:2    | Received a gift from Trog
 42464 | Elf:2    | Found a runed translucent gate.
 42465 | Elf:2    | Found a runed translucent gate.
 42466 | Elf:2    | Found a runed translucent gate.
 42707 | Elf:1    | HP: 8/185 [something (14)]
 43560 | Elf:2    | Identified the +8 battleaxe of Nismied {heavy, *Noise
                  | Will++ Str+6} (Trog gifted it to you on level 2 of the
                  | Elven Halls)
 43560 | Elf:2    | Received a gift from Trog
 43987 | Elf:3    | Entered Level 3 of the Elven Halls
 44139 | Elf:3    | Reached XP level 20. HP: 193/193 MP: 19/19
 45589 | Elf:3    | Received a gift from Trog
 45625 | Elf:3    | Identified the +7 trident "Jaklaer" {drain, Stlth+}
 45636 | Elf:3    | Identified the ring of the King {Will+ Int+7 Dex+3}
 45641 | Elf:3    | Reached skill level 15 in Throwing
 45652 | Elf:3    | Identified the ring "Seupn" {+Blink rElec rC- Int+7 SInv}
 45660 | Elf:3    | Identified the +3 great sword of the Trees {freeze, Dex+8}
 45673 | Elf:3    | Slain by an Executioner

Illustrated notes

Levels and vault maps discovered:
D:1:      minmay_arrival_radiant_lines, layout_loops_ring, minmay_statues_item,
          minmay_pentomino_s4
D:2:      layout_loops_ring, kennysheep_cross_room
D:3:      layout_rooms, mainiacjoe_overflow_paths, uniq_jessica
D:4:      layout_loops_ring, serial_rivers, chequers_serial_rivers_room_b,
          chequers_serial_rivers_small_a, chequers_serial_rivers_micro_e,
          chequers_serial_rivers_large_a, chequers_serial_rivers_room_b,
          enter_ossuary_4
D:5:      layout_loops_ring, kennysheep_little_box, minivault_19,
          chequers_avenue
D:6:      layout_basic, nicolae_shop_vocational, uniq_maggie
D:7:      layout_cave_pools, nicolae_dithmenos_shadow_blocks,
          nicolae_sif_muna_condensation, nicolae_elyvilon_peaceful_grove,
          jmf_multi_god_temple2, minmay_temple_entry_statues_pillars
D:8:      layout_basic, enter_bailey_8, grunt_decor_resistance
D:9:      minmay_the_grid_four_pointed_star_mashed
          [minmay_the_grid_triangle_9x9_shrine,
          minmay_the_grid_triangle_9x9_cache,
          minmay_the_grid_triangle_9x9_odd_lines,
          minmay_the_grid_triangle_9x9_impossible_snake,
          minmay_the_grid_prize_four_corners_diamond_b], layout_irregular_city,
          nemelex_spade_bored_becter, uniq_prince_ribbit1
D:10:     layout_long_grid, gammafunk_temple_overflow_elements, slow_altar_1,
          orc_0_dummy, gammafunk_ghost_spectres, serial_shops, shop,
          kennysheep_opposing_triangles
D:11:     layout_stronghold
D:12:     layout_loops_corners
D:13:     layout_roguey, kennysheep_small_spiral,
          minmay_fractal_squares_diagonal_5
D:14:     layout_loops_ring, skrybe_vaults_entry_preservation
D:15:     hangedman_depths_entry_try_elsewhere_first, layout_cave_pools,
          chequers_arboretum, uniq_josephine
Temple:   chequers_temple_sunken
Lair:1:   layout_loops_ring, grunt_forest_large_clearings
Lair:2:   layout_misc_corridors, minmay_shoals_entry_beasts,
          nicolae_snake_entry_squirm, lemuel_fruit_fields,
          infiniplex_staircase_pool_2
Lair:3:   layout_regular_city, ebering_ghost_inner_flame,
          pdpol_lair_cavern_descent, grunt_megastairs_5
Lair:4:   layout_roguey, portal_ice_cave_entry_imps, uniq_sonja
Lair:5:   hellmonk_lair_end_abyssal_woods, layout_gridlike,
          minmay_slime_entry_jelly_boxes, gammafunk_ghost_grave,
          grunt_megastairs_3, lemuel_fruit_tree
Shoals:1: layout_shoals
Shoals:2: layout_shoals, serial_shops, bzr_entry_water
Shoals:3: layout_shoals, gammafunk_ghost_cemetery
Shoals:4: shoals_end_hellmonk_storm_palace [storm_palace_center_ruins,
          storm_palace_corner_blocked, storm_palace_corner_grid,
          storm_palace_corner_pillars, storm_palace_corner_narrow]
Snake:1:  layout_grid_maze, basic_altar, serial_shops, nicolae_diamond_shop
Snake:2:  layout_grid_shapes, nicolae_snake_squiggles, serial_bayou_pond_d,
          beargit_elvish_explorers, nicolae_triple_integral
Snake:3:  gammafunk_the_bubble [the_bubble_gammafunk_plus_minus],
          layout_misc_corridors, serial_shops, nicolae_shop_hallway_plus
Snake:4:  snake_pit, layout_misc_corridors, st_stairs_1
Orc:1:    layout_caves, basic_altar, guppyfry_library_mini, uniq_erica
Orc:2:    pf_orc_diabolical, layout_diamond_mine, basic_altar, mines5_lemuel
Elf:1:    elf_arrival_001, layout_onion_city, serial_shops, shop, minivault_28,
          nicolae_shop_i_like_big_books, uniq_roxanne
Elf:2:    elven_hall_of_blades_hangedman_original
          [infiniplex_blade_entry_pillars], layout_onion_city, kb_rosetta
Elf:3:    minmay_elf_hall_four_x, layout_loops_cross
Depths:1: layout_basic, hellmouth_1, chequers_serial_rivers_room_a,
          hangedman_decor_lopped, nicolae_ashenzari_panopticon, uniq_bai_suzhen

Skill      XL: |  1  2  3  4  5  6  7  8  9 10 11 12 13 14 15 16 17 18 19 20 |
---------------+-------------------------------------------------------------+-----
Axes           | 4 5 6 7 8 10 12 14 16 17 18 19 20 21 | 21.0
Fighting       | 4 5 6 7 9 10 13 14 15 16 17 18 19 20 | 20.0
Armour         | 8 12 14 16 18 | 18.0
Dodging        | 5 8 9 10 11 15 17 | 17.8
Evocations     | 4 9 10 11 | 11.5
Throwing       | 3 5 6 7 10 14 15 | 15.1

Action                   |  1- 3 |  4- 6 |  7- 9 | 10-12 | 13-15 | 16-18 | 19-21 || total
-------------------------+-------+-------+-------+-------+-------+-------+-------++-------
Melee: Hand axe          |    51 |       |       |       |       |       |       ||    51
       Headbutt          |     7 |    23 |    28 |    94 |   149 |   172 |    63 ||   536
       War axe           |    15 |   145 |   157 |   337 |   362 |       |       ||  1016
       Punch             |     1 |       |     2 |     5 |     2 |       |       ||    10
       Broad axe         |       |       |       |       |    23 |       |       ||    23
       Battleaxe         |       |       |       |       |   263 |   442 |       ||   705
       Executioner's axe |       |       |       |       |       |   217 |   312 ||   529
Throw: Dart              |       |       |       |       |    15 |     3 |       ||    18
       Boomerang         |       |       |       |       |     9 |    74 |   256 ||   339
       Javelin           |       |       |       |       |       |       |    14 ||    14
       Throwing net      |       |       |       |       |       |       |     4 ||     4
Invok: Berserk           |       |       |     5 |     8 |     5 |     7 |     1 ||    26
       Trog's Hand       |       |       |       |       |     4 |     4 |     1 ||     9
       Brothers in Arms  |       |       |       |       |       |     6 |       ||     6
Evoke: Lightning rod     |       |       |       |       |       |       |     2 ||     2
       Condenser vane    |       |       |       |       |       |       |     1 ||     1
  Use: Scroll            |       |       |    13 |    10 |    13 |     4 |     4 ||    44
       Potion            |       |       |       |     1 |     7 |     9 |     1 ||    18
 Stab: Sleeping          |       |       |     1 |       |     5 |     8 |     1 ||    15
       Petrified         |       |       |       |       |     3 |       |       ||     3
       Distracted        |       |       |       |       |       |     2 |     1 ||     3
Armor: Ring mail         |    21 |    49 |    14 |       |    62 |       |       ||   146
       Steam dragon scal |       |       |    35 |    34 |       |       |       ||    69
       Plate armour      |       |       |       |   165 |   210 |       |       ||   375
       Skin              |       |       |       |     8 |    15 |       |       ||    23
       Shadow dragon sca |       |       |       |       |    88 |   360 |   185 ||   633
Dodge: Dodged            |    53 |    68 |    80 |   207 |   500 |   641 |   227 ||  1776
Block: Other             |       |       |       |       |       |   118 |    68 ||   186
       Reflection        |       |       |       |       |       |    20 |    21 ||    41

Table legend: (Time is in decaauts)
 A = Elapsed time spent in this place.
 B = Non-inter-level travel time spent in this place.
 C = Inter-level travel time spent in this place.
 D = Time resting spent in this place.
 E = Time spent auto-exploring this place.
 F = Levels seen in this place.
 G = Mean time per level.
                   A        B        C        D        E       F      G
               +--------+--------+--------+--------+--------+-----+--------+
         Total |  45476 |  42345 |   3131 |  13045 |  21018 |  37 | 1229.1 |
       Dungeon |  15987 |  14545 |   1442 |   3213 |   8996 |  15 | 1065.8 |
        Temple |    217 |    187 |     30 |      0 |    179 |   1 |  217.0 |
          Lair |   7435 |   6724 |    711 |   1813 |   3621 |   5 | 1487.0 |
        Shoals |   5255 |   5101 |    154 |   1533 |   2510 |   4 | 1313.8 |
     Snake Pit |   6895 |   6468 |    427 |   2337 |   2707 |   4 | 1723.8 |
  Orcish Mines |   2703 |   2401 |    302 |    911 |    913 |   2 | 1351.5 |
   Elven Halls |   6250 |   6188 |     62 |   3105 |   1752 |   3 | 2083.3 |
        Depths |     16 |     16 |      0 |      0 |      0 |   1 |   16.0 |
        Bazaar |    167 |    167 |      0 |      0 |    138 |   1 |  167.0 |
       Ossuary |    547 |    547 |      0 |    130 |    201 |   1 |  547.0 |
               +--------+--------+--------+--------+--------+-----+--------+

Top non-repeatable levels by time:
  Lair:5: 2833 daAuts
   Elf:1: 2606 daAuts
   Elf:2: 2494 daAuts
 Snake:2: 2170 daAuts
     D:9: 2028 daAuts
   Orc:2: 1726 daAuts
 Snake:1: 1667 daAuts
 Snake:3: 1529 daAuts
 Snake:4: 1527 daAuts
Shoals:4: 1524 daAuts
Shoals:2: 1504 daAuts
  Lair:3: 1425 daAuts
    D:10: 1401 daAuts
Shoals:3: 1386 daAuts
     D:6: 1235 daAuts
